 Dungeon Sprint DCSS version 0.30.1-4-g462c640d31 (webtiles) character file.

Game seed: 13623993226761424641

10330 Heoruswealwe the Brawler (level 11, -1/124 HPs)
             Began as a Troll Berserker on Aug 17, 2023.
             Was the Champion of Trog.
             Slain by a hornet (5 damage)
             ... while paralysed by a hornet
             ... in the Dungeon (Sprint I: "Red Sonja").
             The game lasted 00:17:49 (1139 turns).

Heoruswealwe the Brawler (Troll Berserker)          Turns: 1139, Time: 00:17:49

Health: -1/124     AC: 10    Str: 31    XL:     11   Next: 34%
Magic:  10/10      EV:  1    Int:  3    God:    Trog [******]
Gold:   1805       SH:  0    Dex:  9    Spells: 10/10 levels left

rFire   . .          .
                       - Unarmed
rCold   . . .        (no shield)
rNeg    . . .        q - +1 troll leather armour
rPois   .            (helmet restricted)
rElec   .            i - +2 cloak
rCorr   .            (gloves unavailable)
SInv    .            (boots unavailable)
Will    .....        (no amulet)
Stlth   +            (no ring)
HPRegen 2.00/turn    (no ring)
MPRegen 0.12/turn

%: no teleportation
@: paralysed, lethally poisoned (-1 -> -4), on berserk cooldown, mesmerised,
slowed
A: large, unfitting armour, claws 3, regeneration 1, shaggy fur 1, tough skin 1
a: Renounce Religion, Berserk, Trog's Hand, Brothers in Arms


You were in the Dungeon.
You worshipped Trog.
Trog was exalted by your worship.
You visited 1 branch You collected 2510 gold pieces.
You spent 705 gold pieces at shops.

Inventory:

Armour
 i - a +2 cloak (worn)
 q - a +1 troll leather armour (worn)
Wands
 h - a wand of light (11)
 j - a wand of paralysis (3)
 l - a wand of polymorph (12)
Scrolls
 g - a scroll of blinking
 n - a scroll of immolation
Potions
 b - a potion of curing
 e - 4 potions of magic
 k - 2 potions of flight
 m - a potion of mutation


   Skills:
 + Level 12.4 Fighting
 + Level 12.4 Dodging
 * Level 19.9 Unarmed Combat


You had 10 spell levels left.
You didn't know any spells.
Your spell library was empty.

Dungeon Overview and Level Annotations

Branches:
Dungeon (1/1)

Altars:
Cheibriados
Dithmenos
Elyvilon
Fedhas
Gozag
Hepliaklqana
Kikubaaqudgha
Makhleb
Nemelex Xobeh
Okawaru
Qazlal
Ru
Sif Muna
Trog
Uskayaw
Vehumet
Wu Jian
Xom
Yredelemnul
Zin
The Shining One
Jiyva
Lugonu

Shops:
D [([((*(((=[[*?[[


Innate Abilities, Weirdness & Mutations

You are too large for most types of armour.
You have claws for hands.
Your natural rate of healing is unusually fast.
You are covered in fur. (AC +1)
You have tough skin. (AC +1)


Message History

You can move again.
You feel much better.
You feel very sick. The hornet stings you!
* * * LOW HITPOINT WARNING * * *
You feel as though you will be slow longer.
The hornet stings you but does no damage.
The hornet misses you. The hornet closely misses you.
The merfolk siren chants its luring song.
You feel better.
The hornet stings you but does no damage.
The hornet barely misses you.
The merfolk siren hits you from afar with a +0 spear!
* * * LOW HITPOINT WARNING * * *
The hornet closely misses you. The hornet stings you!
* * * LOW HITPOINT WARNING * * *
You are poisoned.
You shrug off the repeated paralysis!
The merfolk siren chants its luring song.
The hornet completely misses you. The hornet stings you.
* * * LOW HITPOINT WARNING * * *
You feel as though you will be slow longer.
You cannot move away from the merfolk siren!
You feel very sick. The hornet barely misses you. The hornet stings you!
* * * LOW HITPOINT WARNING * * *
You feel as though you will be slow longer.
The merfolk siren chants its luring song.
The hornet stings you.
* * * LOW HITPOINT WARNING * * *
You suddenly lose the ability to move!
The hornet stings you.
* * * LOW HITPOINT WARNING * * *
You are more poisoned.
You feel as though you will be slow longer.
You feel very sick. The hornet stings you!
* * * LOW HITPOINT WARNING * * *
You feel as though you will be slow longer.
The hornet stings you.
You die...

######################
§§§§+†...§.+†.#..+§§$§
§####§§§§§##..'..#§§§$#
§# ##§§§#######)# §§ .#
###+# #y.# $§ ## #y@# §
.# #.em# .+ #..≈.. °#
#..≈.## ○# #..≈## ##
#..≈# # ≈..## # ≈..#


You could see a deep elf annihilator, a merfolk siren (mesmerising) and 2
hornets.

Vanquished Creatures
  A hydra (D)
  2 centaur warriors (D)
  A deep troll (D)
  A lindwurm (D)
  An oklob plant (D)
  A merfolk siren (D)
  A gargoyle (D)
  4 demonic crawlers (D)
  2 kobold demonologists (D)
  2 unseen horrors (D)
  A hellwing (D)
  3 hornets (D)
  A slime creature (D)
  Sigmund (D)
  A yak (D)
  13 hogs (D)
  2 redbacks (D)
  3 floating eyes (D)
  An ogre (D)
  7 necrophages (D)
  6 jellies (D)
  Ijyb (D)
56 creatures vanquished.

Vanquished Creatures (collateral kills)
  2 jellies (D)
2 creatures vanquished.

Grand Total: 58 creatures vanquished

Notes
Turn   | Place    | Note
-------+----------+-------------------------------------------
     0 | D        | Heoruswealwe the Troll Berserker began the quest for the
                  | Orb.
     0 | D        | Reached XP level 1. HP: 22/22 MP: 0/0
     1 | D        | Noticed Ijyb
     6 | D        | Killed Ijyb
     7 | D        | Reached skill level 5 in Unarmed Combat
     7 | D        | Reached XP level 2. HP: 31/31 MP: 1/1
    57 | D        | Noticed an ogre
    63 | D        | Killed an ogre
    64 | D        | Reached skill level 7 in Unarmed Combat
    64 | D        | Reached XP level 3. HP: 40/40 MP: 2/2
    64 | D        | Reached XP level 4. HP: 49/49 MP: 3/3
    93 | D        | Noticed Sigmund
    98 | D        | Killed Sigmund
    98 | D        | Reached ** piety under Trog
    99 | D        | Reached skill level 5 in Fighting
    99 | D        | Reached skill level 5 in Dodging
    99 | D        | Reached skill level 9 in Unarmed Combat
    99 | D        | Reached XP level 5. HP: 56/59 MP: 4/4
    99 | D        | Reached XP level 6. HP: 63/67 MP: 5/5
   112 | D        | Found a burning altar of Makhleb.
   112 | D        | Found a viscous altar of Jiyva.
   112 | D        | Found a shimmering altar of Xom.
   112 | D        | Found a corrupted altar of Lugonu.
   112 | D        | Noticed a slime creature
   117 | D        | Killed a slime creature
   118 | D        | Reached skill level 10 in Unarmed Combat
   136 | D        | Found an ornate altar of the Wu Jian Council.
   136 | D        | Found a shimmering blue altar of Sif Muna.
   138 | D        | Found a radiant altar of Vehumet.
   184 | D        | Found Puerir's Antique Armour Emporium.
   184 | D        | Found an ancient bone altar of Kikubaaqudgha.
   184 | D        | Found a hazy altar of Hepliaklqana.
   184 | D        | Found a stormy altar of Qazlal.
   184 | D        | Found a hide-covered altar of Uskayaw.
   184 | D        | Found a blossoming altar of Fedhas.
   184 | D        | Found a bloodstained altar of Trog.
   184 | D        | Found an iron altar of Okawaru.
   184 | D        | Found a basalt altar of Yredelemnul.
   184 | D        | Found a glowing golden altar of the Shining One.
   184 | D        | Found a snail-covered altar of Cheibriados.
   184 | D        | Found a sacrificial altar of Ru.
   184 | D        | Found a glowing silver altar of Zin.
   184 | D        | Found a shadowy altar of Dithmenos.
   184 | D        | Found a white marble altar of Elyvilon.
   184 | D        | Noticed a yak
   194 | D        | Killed a yak
   195 | D        | Reached skill level 11 in Unarmed Combat
   195 | D        | Reached XP level 7. HP: 75/78 MP: 6/6
   195 | D        | Found an opulent altar of Gozag.
   196 | D        | Found a sparkling altar of Nemelex Xobeh.
   221 | D        | Noticed a kobold demonologist
   221 | D        | Noticed a kobold demonologist
   224 | D        | Reached *** piety under Trog
   225 | D        | Reached skill level 12 in Unarmed Combat
   227 | D        | Killed a kobold demonologist
   231 | D        | Noticed a red devil
   232 | D        | Killed a kobold demonologist
   232 | D        | Reached **** piety under Trog
   233 | D        | Reached skill level 13 in Unarmed Combat
   233 | D        | Reached XP level 8. HP: 88/88 MP: 7/7
   278 | D        | Noticed a centaur warrior
   278 | D        | Noticed a centaur warrior
   288 | D        | Killed a centaur warrior
   289 | D        | Reached skill level 14 in Unarmed Combat
   326 | D        | Killed a centaur warrior
   327 | D        | Reached skill level 15 in Unarmed Combat
   327 | D        | Reached XP level 9. HP: 94/100 MP: 8/8
   361 | D        | Noticed an oklob plant
   367 | D        | Reached ***** piety under Trog
   375 | D        | Killed an oklob plant
   378 | D        | Reached skill level 16 in Unarmed Combat
   383 | D        | Reached skill level 10 in Fighting
   383 | D        | Reached skill level 10 in Dodging
   416 | D        | Received a gift from Trog
   439 | D        | Received a gift from Trog
   451 | D        | Reached XP level 10. HP: 29/111 MP: 9/9
   457 | D        | Reached ****** piety under Trog
   478 | D        | Identified the +2 executioner's axe of the Enchanting Wolf
                  | {holy, rPois rC+++ Will- Str-2}
   533 | D        | Found Biwor's Armour Shoppe.
   533 | D        | Found Tusoladi's Antique Weapon Shop.
   533 | D        | Found Konkuhai's Weapon Boutique.
   535 | D        | Found Keajo's Weapon Emporium.
   535 | D        | Found Xaytores's General Store.
   535 | D        | Found Nuillamoqe's Weapon Shoppe.
   535 | D        | Found Peck's Weapon Boutique.
   535 | D        | Found Linteomm's Weapon Emporium.
   535 | D        | Found Dawihya's Jewellery Shop.
   535 | D        | Found Estroegh's Armour Shoppe.
   539 | D        | Found Zexuenwo's Armour Boutique.
   540 | D        | Found Tetene's Magic Scroll Emporium.
   540 | D        | Found Diranufef's General Store.
   541 | D        | Found Fisatimuh's Armour Emporium.
   548 | D        | Bought a scroll of acquirement for 520 gold pieces
   548 | D        | Bought a scroll of identify for 20 gold pieces
   548 | D        | Bought a scroll of identify for 20 gold pieces
   548 | D        | Bought a scroll of identify for 20 gold pieces
   548 | D        | Bought a scroll of enchant armour for 75 gold pieces
   549 | D        | Bought a scroll of identify for 20 gold pieces
   549 | D        | Bought a potion of flight for 30 gold pieces
   568 | D        | Acquired 1179 gold pieces
   586 | D        | Received a gift from Trog
   632 | D        | Reached skill level 17 in Unarmed Combat
   743 | D        | Noticed a deep troll
   745 | D        | Killed a deep troll
   772 | D        | Found Upeok's Armour Emporium.
   817 | D        | Noticed a demonic crawler
   817 | D        | Noticed a demonic crawler
   817 | D        | Noticed a demonic crawler
   817 | D        | Noticed a demonic crawler
   819 | D        | Killed a demonic crawler
   823 | D        | Killed a demonic crawler
   825 | D        | Killed a demonic crawler
   829 | D        | Killed a demonic crawler
   830 | D        | Reached skill level 18 in Unarmed Combat
   876 | D        | Noticed a gargoyle
   880 | D        | Killed a gargoyle
   892 | D        | Noticed a lindwurm
   898 | D        | Killed a lindwurm
   938 | D        | Received a gift from Trog
   952 | D        | Reached XP level 11. HP: 115/123 MP: 10/10
   953 | D        | Received a gift from Trog
   957 | D        | Reached skill level 19 in Unarmed Combat
  1087 | D        | Noticed a 12-headed hydra
  1092 | D        | Killed a 16-headed hydra
  1116 | D        | Noticed a deep elf annihilator
  1120 | D        | Received a gift from Trog
  1126 | D        | Paralysed by a hornet for 1 turns
  1132 | D        | Paralysed by a hornet for 3 turns
  1138 | D        | Paralysed by a hornet for 3 turns
  1139 | D        | HP: 4/124 [hornet (9)]
  1139 | D        | Slain by a hornet

Illustrated notes

Levels and vault maps discovered:
D:        dungeon_sprint_1 [red_sonja_temple_1, red_sonja_temple_small_1]

Skill      XL: |  1  2  3  4  5  6  7  8  9 10 11 |
---------------+----------------------------------+-----
Fighting       | 3 4 5 7 8 9 10 11 12 | 12.4
Dodging        | 3 4 5 7 8 9 10 11 12 | 12.4
Unarmed Combat | 5 7 9 11 13 15 16 18 19 | 19.9

Action                     |  1- 3 |  4- 6 |  7- 9 | 10-12 || total
---------------------------+-------+-------+-------+-------++-------
  Melee: Unarmed           |     8 |    22 |    53 |    98 ||   181
         Punch             |       |     1 |       |     6 ||     7
 Invoke: Berserk           |     2 |       |     1 |     3 ||     6
    Use: Scroll            |       |       |       |     6 ||     6
         Potion            |       |       |       |     4 ||     4
 Armour: Animal skin       |       |     1 |    23 |    26 ||    50
         Troll leather arm |       |       |       |    37 ||    37
  Dodge: Dodged            |     2 |     6 |    16 |    44 ||    68
